 Dungeon Crawl Stone Soup version 0.26-a0-1222-g14533b3512 (webtiles) character file.

Game seed: 12126020275606332609

2542 Eightlegvermin the Martial Artist (level 9, -2/57 HPs)
             Began as an Octopode Transmuter on Dec 31, 2020.
             Was an Initiate of Gozag.
             Slain by a gnoll
             ... wielding a +0 spear
              (3 damage)
             ... on level 6 of the Dungeon.
             The game lasted 00:35:10 (7920 turns).

Eightlegvermin the Martial Artist (OpTm)            Turns: 7920, Time: 00:35:11

Health: -2/57      AC:  5    Str:  9    XL:     9   Next: 55%
Magic:  11/12      EV: 15    Int: 15    God:    Gozag
Gold:   307        SH:  0    Dex: 16    Spells: 2/12 levels left

rFire    . . .     SeeInvis .     - Unarmed
rCold    . . .     Faith    .   (no shield)
rNeg     . . .     Spirit   .   (helmet restricted)
rPois    .         Reflect  .   (no amulet)
rElec    .         Harm     .   f - +4 ring of protection
rCorr    .         Rampage  .   c - ring of willpower
Will     +....                  (no ring)
Stlth    +++.......             (no ring)
HPRegen  0.19/turn              (no ring)
MPRegen  0.13/turn              (no ring)
                                (no ring)
                                (no ring)

@: wereblooded, gold aura
A: almost no armour, stealthy swim, amphibious, 8 rings, constrict 8, camouflage
1, gelatinous body 1
a: Renounce Religion, Potion Petition, Call Merchant, Bribe Branch


You were on level 6 of the Dungeon.
You worshipped Gozag.
Gozag was aware of your devotion.
You visited 2 branches of the dungeon, and saw 7 of its levels.

You collected 696 gold pieces.
You spent 338 gold pieces at shops.
You paid 51 gold pieces to Gozag.

Inventory:

Hand Weapons
 b - a +4 dagger
Armour
 e - a +0 tower shield
Jewellery
 c - a ring of willpower (right tentacle)
 f - a +4 ring of protection (left tentacle)
Wands
 h - a wand of random effects (7)
Scrolls
 l - 4 scrolls of remove curse
 m - a scroll of teleportation
 n - a scroll of magic mapping
Potions
 a - 2 potions of curing
 d - a potion of resistance
 g - a potion of attraction
 i - a potion of flight
 k - a potion of mutation


   Skills:
 + Level 3.2 Fighting
 + Level 3.7 Dodging
 - Level 3.0 Stealth
 - Level 10.0 Unarmed Combat
 - Level 2.0 Spellcasting
 - Level 5.0 Transmutations
 - Level 4.0 Ice Magic
 - Level 2.0 Poison Magic


You had 2 spell levels left.
You knew the following spells:

 Your Spells              Type           Power        Failure   Level
a - Beastly Appendage     Tmut           32%          2%          1
b - Wereblood             Tmut           16%          4%          2
c - Spider Form           Tmut/Pois      6%           16%         3
d - Ice Form              Ice/Tmut       15%          34%         4

Your spell library contained the following spells:

 Spells                   Type           Power        Failure   Level
 Confusing Touch          Hex            1%           54%         3
 Gell's Gravitas          Tloc           0%           54%         3
 Petrify                  Tmut/Erth      9%           61%         4
 Blade Hands              Tmut           8%           61%         5
 Yara's Violent Unravell  Hex/Tmut       4%           91%         5
 Metabolic Englaciation   Hex/Ice        3%           95%         5


Dungeon Overview and Level Annotations

Branches:
Dungeon (6/15)             Temple (1/1) D:4

Altars:
Ashenzari
Cheibriados
Dithmenos
Elyvilon
Fedhas
Gozag
Hepliaklqana
Nemelex Xobeh
Okawaru
Qazlal
Ru
Wu Jian
Xom
Yredelemnul
Zin
The Shining One

Shops:
D:4 [   D:5 ??

Annotations:
D:4 1 runed translucent door


Innate Abilities, Weirdness & Mutations

You cannot wear most types of armour.
You are very stealthy in the water. (Stealth+)
You are amphibious.
You can wear up to eight rings at the same time.
You can use your tentacles to constrict eight enemies at once.
Your skin changes colour to match your surroundings (Stealth+).
Your rubbery body absorbs attacks. (AC +1, EV +1)


Message History

The gnoll is moderately wounded.
You hear a shout! x2
The gnoll closely misses you. The gnoll hits you but does no damage.
You hit the gnoll. You freeze the gnoll.
The gnoll is almost dead.
You punch the gnoll! You freeze the gnoll.
You kill the gnoll!
You warm up again.
The gnoll hits you from afar with a +0 spear.
* * * LOW HITPOINT WARNING * * *
The gnoll is no longer distracted by gold.
The gnoll barely misses you. The gnoll hits you with a +0 spear.
* * * LOW HITPOINT WARNING * * *
A gnoll comes into view.
The gnoll closely misses you.
Things that are here:
13 gold pieces; a +0 halberd; a +0 whip The gnoll hits you from afar with a +0 spear.
You die...
Your body crumbles into a pile of gold.

#################################
...........P.....................
.............P...................
≈≈≈≈≈≈≈≈≈≈≈≈≈≈≈≈≈≈≈≈≈≈≈≈≈≈≈≈≈≈≈≈≈
≈≈≈≈≈≈≈≈≈≈≈≈≈≈≈≈≈≈≈≈≈≈≈≈≈≈≈≈≈≈≈≈≈
≈#####≈≈≈≈≈≈≈≈≈≈≈≈≈≈≈≈≈≈≈≈≈≈≈≈≈≈≈
#g #........................... #
############################
#....'(..$$@$ggg'.......'...
#...)#########gg#########...
#)...# .g... #... ###### g......
#### ...:... ....... ''##### g..


You could see 5 gnolls.

Vanquished Creatures
  Pikel (D:5)
  Sigmund (D:4)
  Menkaure (D:4)
  2 ice beasts
  4 ogres
  A lemure (D:5)
  4 bullfrogs
  A scorpion (D:6)
  A water moccasin skeleton (D:2)
  A howler monkey (D:5)
  A jelly (D:5)
  A bullfrog zombie (D:5)
  A centaur zombie (D:5)
  A quasit (D:6)
  2 orc priests (D:4)
  3 orc wizards (D:4)
  An iguana (D:2)
  2 gnoll shamans (D:6)
  5 worker ants
  A howler monkey skeleton (D:4)
  14 gnolls
  11 adders
  An ufetubus (D:6)
  3 oozes
  An adder zombie (D:6)
  9 worms
  The ghost of Zigma the Sneak, a weakling DrDe (D:4)
  A dart slug (D:3)
  5 leopard geckos
  10 orcs
  2 ball pythons
  8 bats
  11 giant cockroaches
  14 goblins
  9 hobgoblins
  22 jackals
  6 kobolds
  3 quokkas
  9 frilled lizards
  A giant cockroach zombie (D:6)
  9 rats
185 creatures vanquished.

Vanquished Creatures (collateral kills)
  A gnoll (D:6)
1 creature vanquished.

Vanquished Creatures (others)
  5 plants (D:6)
5 creatures vanquished.

Grand Total: 191 creatures vanquished

Notes
Turn   | Place    | Note
-------+----------+-------------------------------------------
     0 | D:1      | Eightlegvermin the Octopode Transmuter began the quest for
                  | the Orb.
     0 | D:1      | Reached XP level 1. HP: 13/13 MP: 3/3
    65 | D:1      | Reached skill level 1 in Stealth
    65 | D:1      | Reached XP level 2. HP: 18/18 MP: 3/5
   331 | D:1      | Reached XP level 3. HP: 19/23 MP: 4/6
   341 | D:1      | Learned a level 2 spell: Wereblood
   659 | D:2      | Reached skill level 4 in Unarmed Combat
   659 | D:2      | Reached XP level 4. HP: 10/28 MP: 5/7
   665 | D:2      | Learned a level 3 spell: Spider Form
  1401 | D:2      | Reached XP level 5. HP: 33/33 MP: 6/8
  2723 | D:3      | Found a sparkling altar of Nemelex Xobeh.
  2891 | D:3      | Reached skill level 1 in Poison Magic
  2945 | D:3      | Reached skill level 5 in Unarmed Combat
  3201 | D:3      | Reached XP level 6. HP: 28/38 MP: 9/9
  3318 | D:3      | Found a basalt altar of Yredelemnul.
  4017 | D:4      | Found a staircase to the Ecumenical Temple.
  4106 | D:4      | Found Tokkedero's Armour Shoppe.
  4125 | D:4      | Noticed Sigmund
  4177 | D:4      | Killed Sigmund
  4178 | D:4      | Reached skill level 6 in Unarmed Combat
  4178 | D:4      | Reached XP level 7. HP: 31/43 MP: 6/10
  4466 | D:4      | Found a runed translucent door.
  4471 | D:4      | Noticed Zigma's ghost (weakling DrDe)
  4723 | D:4      | Learned a level 4 spell: Ice Form
  4740 | Temple   | Entered the Ecumenical Temple
  4840 | Temple   | Became a worshipper of Gozag Ym Sagoz the Greedy
  4938 | D:4      | Found a runed translucent door.
  4945 | D:4      | Reached skill level 1 in Ice Magic
  4950 | D:4      | Killed Zigma's ghost
  5019 | D:4      | Noticed Menkaure
  5024 | D:4      | Killed Menkaure
  5025 | D:4      | Reached skill level 7 in Unarmed Combat
  5025 | D:4      | Reached XP level 8. HP: 31/48 MP: 6/11
  5305 | D:5      | Entered Level 5 of the Dungeon
  5305 | D:5      | Found a broken altar of Ashenzari.
  5410 | D:5      | Found an iron altar of Okawaru.
  5608 | D:5      | Reached skill level 5 in Transmutations
  6157 | D:5      | Found Wiosogam's Magic Scroll Emporium.
  6166 | D:5      | Bought a scroll of teleportation for 33 gold pieces
  6166 | D:5      | Bought a scroll of remove curse for 33 gold pieces
  6166 | D:5      | Bought a scroll of remove curse for 33 gold pieces
  6166 | D:5      | Bought a scroll of identify for 22 gold pieces
  6314 | D:5      | Noticed Pikel
  6324 | D:5      | Killed Pikel
  6325 | D:5      | Reached skill level 9 in Unarmed Combat
  6325 | D:5      | Reached XP level 9. HP: 13/53 MP: 3/12
  6663 | D:5      | Found Qunohas's Magic Scroll Shop.
  6671 | D:5      | Bought a scroll of identify for 28 gold pieces
  6671 | D:5      | Bought a scroll of identify for 28 gold pieces
  6671 | D:5      | Bought a scroll of identify for 28 gold pieces
  6671 | D:5      | Bought a scroll of summoning for 133 gold pieces
  7125 | D:6      | Reached skill level 10 in Unarmed Combat
  7918 | D:6      | HP: 2/57 [gnoll/+0 spear (5)]
  7920 | D:6      | Slain by a gnoll

Illustrated notes

Levels and vault maps discovered:
D:1:      lordsloth_arrival_two_stooges, layout_rooms, minivault_14
D:2:      layout_basic
D:3:      layout_loops_corners, nicolae_overflow_crystal_walls,
          nemelex_diamond_rough_becter
D:4:      wander_river, layout_loops_ring, minmay_temple_entry_proselytizer,
          ebering_ghost_sewer_f, serial_shops, nicolae_shop_trees, uniq_sigmund,
          uniq_menkaure
D:5:      layout_basic, lemuel_crystal_altar, okawaru_ov_weapons_minmay,
          serial_shops, shop, nicolae_shop_trees, minmay_between, uniq_pikel
D:6:      lemuel_castle_with_subvaults [lemuel_castle_interior_original],
          layout_rooms, makhleb_altar_promises_db, bh_walls_and_bars
Temple:   dshaligram_water_room_temple

Skill      XL: |  1  2  3  4  5  6  7  8  9 |
---------------+----------------------------+-----
Stealth        | 1 2 3 |  3.0
Unarmed Combat | 4 5 6 7 9 10 | 10.0
Transmutations | 3 4 5 |  5.0
Poison Magic   | 1 2 |  2.0
Ice Magic      | 2 4 |  4.0
Fighting       | 3 |  3.2
Dodging        | 3 |  3.7
Spellcasting   | |  2.0

Action                   |  1- 3 |  4- 6 |  7- 9 || total
-------------------------+-------+-------+-------++-------
Melee: Unarmed           |    46 |   182 |   219 ||   447
       Kick              |     8 |    16 |    16 ||    40
       Constrict         |    16 |    30 |    24 ||    70
       Tentacles         |     7 |    18 |    16 ||    41
       Punch             |       |     6 |     8 ||    14
       Dagger            |       |       |    17 ||    17
 Cast: Beastly Appendage |    14 |    21 |    10 ||    45
       Spider Form       |       |     8 |     5 ||    13
       Wereblood         |       |     4 |     1 ||     5
       Ice Form          |       |       |     8 ||     8
Evoke: Wand              |       |       |     6 ||     6
  Use: Scroll            |     4 |     3 |    10 ||    17
       Potion            |       |       |     1 ||     1
 Stab: Sleeping          |     7 |    12 |    11 ||    30
       Distracted        |       |       |     1 ||     1
Armor: Skin              |     4 |    22 |    60 ||    86
Dodge: Dodged            |    18 |   130 |   137 ||   285

Table legend: (Time is in decaauts)
 A = Elapsed time spent in this place.
 B = Non-inter-level travel time spent in this place.
 C = Inter-level travel time spent in this place.
 D = Time resting spent in this place.
 E = Time spent auto-exploring this place.
 F = Levels seen in this place.
 G = Mean time per level.
                   A        B        C        D        E       F      G
               +--------+--------+--------+--------+--------+-----+--------+
         Total |   7861 |   7624 |    237 |   2318 |   2774 |   7 | 1123.0 |
       Dungeon |   7748 |   7511 |    237 |   2318 |   2699 |   6 | 1291.3 |
        Temple |    112 |    112 |      0 |      0 |     75 |   1 |  112.0 |
               +--------+--------+--------+--------+--------+-----+--------+

Top non-repeatable levels by time:
     D:2: 1949 daAuts
     D:5: 1643 daAuts
     D:4: 1340 daAuts
     D:3: 1334 daAuts
     D:6: 918 daAuts
     D:1: 561 daAuts
  Temple: 112 daAuts
